 Dungeon Crawl Stone Soup version 0.26.0-10-g1f06aea511 (webtiles) character file.

Game seed: 12302940902862894597

82 inmateoo the Magician (level 4, 0/25 HPs)
             Began as a Deep Elf Transmuter on Jan 15, 2021.
             Shot with an arrow by a centaur (13 damage)
             ... on level 2 of the Dungeon.
             The game lasted 00:03:45 (2266 turns).

inmateoo the Magician (Deep Elf Transmuter)         Turns: 2266, Time: 00:03:46

Health: 0/25       AC:  5    Str:  7    XL:     4   Next: 21%
Magic:  11/11      EV: 13    Int: 19    God:
Gold:   105        SH:  0    Dex: 15    Spells: 4/10 levels left

rFire    . . .     SeeInvis .   h - +4 quarterstaff (chaos)
rCold    + . .     Faith    .   (shield currently unavailable)
rNeg     . . .     Spirit   .   a - +0 robe
rPois    .         Reflect  .   (no helmet)
rElec    .         Harm     .   g - +0 cloak
rCorr    .         Rampage  .   (no gloves)
Will     +....                  (no boots)
Stlth    +.........             (no amulet)
HPRegen  0.08/turn              d - ring of willpower
MPRegen  0.12/turn              (no ring)

@: no status effects
A: claws 1, icy blue scales 1, cold resistance 1
a: no special abilities


You were on level 2 of the Dungeon.
You visited 1 branch of the dungeon, and saw 2 of its levels.

You collected 105 gold pieces.

Inventory:

Hand Weapons
 h - a +4 quarterstaff of chaos (weapon)
Missiles
 f - 8 curare-tipped darts
Armour
 a - a +0 robe (worn)
 g - a +0 cloak (worn)
Jewellery
 d - a ring of willpower (left claw)
Scrolls
 b - a scroll of teleportation {unknown}
 c - a scroll of identify {unknown}
Potions
 e - a potion of brilliance {unknown}


   Skills:
 + Level 1.5 Fighting
 - Level 3.0 Dodging
 + Level 2.8 Unarmed Combat
 + Level 3.8 Spellcasting
 + Level 2.9 Transmutations
 + Level 1.0 Poison Magic


You had 4 spell levels left.
You knew the following spells:

 Your Spells              Type           Power        Failure   Level
a - Beastly Appendage     Tmut           28%          4%          1
b - Wereblood             Tmut           14%          6%          2
c - Spider Form           Tmut/Pois      5%           19%         3

Your spell library contained the following spells:

 Spells                   Type           Power        Failure   Level
 Ice Form                 Ice/Tmut       9%           61%         4
 Blade Hands              Tmut           7%           75%         5


Dungeon Overview and Level Annotations

Branches:
Dungeon (2/15)

Altars:


Innate Abilities, Weirdness & Mutations

You have sharp fingernails.
You are partially covered in icy blue scales. (AC +2)
Your flesh is cold resistant. (rC+)


Message History

The ooze is severely wounded.
You scratch the ooze.
You kill the ooze!
No target in view!
You start resting.
HP restored.
Your +4 quarterstaff of chaos is briefly surrounded by a scintillating aura of random colours.
h - a +4 quarterstaff of chaos (weapon)
A centaur comes into view.
The centaur shouts!
The centaur wields a +0 shortbow.
The centaur shoots an arrow.
The arrow hits you!
You see here an arrow.
Casting: Spider Form (extremely dangerous; 19% risk of failure)
Confirm with . or Enter, or press ? or * to list all spells.
Okay, then.
The centaur shoots an arrow.
The arrow hits you.
The centaur shoots an arrow.
The arrow hits you!
Ouch! That really hurt!
You die...

......###.#...#
♣.P#..# #...#.#
♣♣♣##.###.###.#
#....># .# ####
#.....# .. ...
##...########.#
##...........#
#........(..#
##########@##
#.# #.c ####


You could see a centaur.

Vanquished Creatures
  Crazy Yiuf (D:2)
  2 adders (D:2)
  An ooze (D:2)
  2 dart slugs
  3 leopard geckos
  6 hobgoblins
  5 kobolds (D:1)
  3 bats
  2 frilled lizards
  A rat (D:2)
26 creatures vanquished.

Vanquished Creatures (others)
  A fungus (D:2)
1 creature vanquished.

Grand Total: 27 creatures vanquished

Notes
Turn   | Place    | Note
-------+----------+-------------------------------------------
     0 | D:1      | inmateoo the Deep Elf Transmuter began the quest for the
                  | Orb.
     0 | D:1      | Reached XP level 1. HP: 11/11 MP: 6/6
   244 | D:1      | Reached skill level 1 in Fighting
   262 | D:1      | Reached XP level 2. HP: 5/16 MP: 6/8
  1390 | D:2      | Gained mutation: You have sharp fingernails. [potion of
                  | mutation]
  1390 | D:2      | Gained mutation: You are partially covered in icy blue
                  | scales. (AC +2) [potion of mutation]
  1390 | D:2      | Gained mutation: Your flesh is cold resistant. (rC+)
                  | [potion of mutation]
  1706 | D:2      | Reached XP level 3. HP: 15/20 MP: 7/9
  1713 | D:2      | Learned a level 2 spell: Wereblood
  1717 | D:2      | Learned a level 3 spell: Spider Form
  2118 | D:2      | Found a runed translucent door.
  2119 | D:2      | Noticed Crazy Yiuf
  2137 | D:2      | Killed Crazy Yiuf
  2138 | D:2      | Reached skill level 1 in Poison Magic
  2138 | D:2      | Reached XP level 4. HP: 19/25 MP: 8/11
  2265 | D:2      | Noticed a centaur
  2266 | D:2      | Shot with an arrow by a centaur

Illustrated notes

Levels and vault maps discovered:
D:1:      dpeg_arrival_circle_labyrinth_c, layout_basic
D:2:      layout_loops_ring, kennysheep_generic_room_3, uniq_crazy_yiuf_cottage

Skill      XL: |  1  2  3 |
---------------+----------+-----
Fighting       | 1 |  1.5
Dodging        | 3 |  3.0
Poison Magic   | 1 |  1.0
Unarmed Combat | |  2.8
Spellcasting   | |  3.8
Transmutations | |  2.9

Action                   |  1- 3 |  4- 6 || total
-------------------------+-------+-------++-------
Melee: Unarmed           |   108 |     6 ||   114
       Kick              |    10 |       ||    10
       Headbutt          |    12 |       ||    12
 Cast: Beastly Appendage |    17 |       ||    17
       Spider Form       |     5 |       ||     5
  Use: Scroll            |     4 |       ||     4
       Potion            |     1 |       ||     1
 Stab: Sleeping          |     1 |       ||     1
Armor: Robe              |    20 |     1 ||    21
Dodge: Dodged            |    89 |     3 ||    92
